cohdb
Replays
Latest Replays
All Replays
Popular Replays
Top Player Replays
Match Explorer
How It Works
Community
CoH3 Stats
Reddit
Sign in to upload your games and track your stats! →
Sign in with Steam
Match 37995519
Unlisted
Match 37995519
Overview
Messages
Build Orders
End
Royal Engineer Section
Construct Section Command Post
Selects Indian Artillery Battlegroup
Infantry Section
Infantry Section
Vickers Machine Gun Team
Construct Platoon Command Post
Selects War Cry
Selects Gurkha Rifles Section
Humber Armored Car
Gurkha Rifles Section
Royal Engineer Section
Construct Field Infirmary
6-pounder Anti-tank Gun Team
Gurkha Rifles Section
Construct Company Command Post
Selects Volunteer Infantry
Unlock M3 Grant Medium Tanks
M3 Grant Medium Tank
Gurkha Rifles Section
Selects Artillery Saturation
Selects Off-map Airburst Barrage
M3 Grant Medium Tank
Off-map Airburst Barrage
Infantry Training
Royal Engineer Section
Off-map Airburst Barrage
M3 Grant Medium Tank
Selects Perimeter Monitor
REGULATOR
Uwe Berger
0
0
Comments
sign in to comment!
No comments posted yet!